 Dungeon Crawl Stone Soup version 0.26.1-2-gb8aa6d0cf2 (webtiles) character file.

Game seed: 17878292072682910689

28817 DasRunzen the Destroyer (level 12, -10/103 HPs)
             Began as a Demigod Conjurer on Feb 11, 2021.
             Mangled by a yak (16 damage)
             ... on level 6 of the Lair of Beasts on Feb 12, 2021.
             The game lasted 00:57:13 (21121 turns).

DasRunzen the Destroyer (Demigod Conjurer)         Turns: 21121, Time: 00:57:13

Health: -10/103    AC:  7    Str: 19    XL:     12   Next: 78%
Magic:  3/28       EV: 18    Int: 36    God:
Gold:   444        SH:  5    Dex: 16    Spells: 9/27 levels left

rFire    + . .     SeeInvis .   r - +4 dire flail (venom)
rCold    + . .     Faith    .   (shield currently unavailable)
rNeg     . . .     Spirit   .   y - +2 leather armour of Vafiymm {rF+ Int+5 Slay+2}
rPois    +         Reflect  +   x - +1 hat {Int+3}
rElec    .         Harm     .   (no cloak)
rCorr    .         Rampage  .   (no gloves)
Will     +....                  (no boots)
Stlth    ++........             h - amulet of reflection
HPRegen  0.27/turn              e - +6 ring of intelligence
MPRegen  0.21/turn              a - ring "Sudd" {rC+ Str+3}

@: mighty
A: high mp 1, poison resistance, wild magic 1, MP-powered wands
a: no special abilities


You were on level 6 of the Lair of Beasts.
You visited 2 branches of the dungeon, and saw 15 of its levels.

You collected 980 gold pieces.
You spent 536 gold pieces at shops.

Inventory:

Hand Weapons
 r - a +4 dire flail of venom (weapon)
Armour
 x - a +1 hat of intelligence (worn)
 y - the +2 leather armour of Vafiymm (worn) {rF+ Int+5 Slay+2}
   (You found it on level 8 of the Dungeon)

   It affects your intelligence (+5).
   It affects your accuracy and damage with ranged weapons and melee attacks
   (+2).
   It protects you from fire.
Magical Staves
 D - an uncursed staff of poison
Jewellery
 a - the ring "Sudd" (right hand) {rC+ Str+3}
   (You bought it in a shop on level 5 of the Dungeon)

   [ring of protection from cold]

   It affects your strength (+3).
   It protects you from cold.
 e - a +6 ring of intelligence (left hand)
 h - an amulet of reflection (around neck)
 k - an uncursed ring of protection from cold
 w - an uncursed ring of willpower {unknown}
 A - the amulet of the Lich-sworn {Spirit +Inv rElec Dex+2}
   (You found it on level 2 of the Lair of Beasts)

   [amulet of guardian spirit]

   It causes incoming damage to be split between your health and magic.
   It affects your dexterity (+2).
   It insulates you from electricity.
   It lets you turn invisible.
 B - a cursed ring of attention {unknown}
Wands
 i - a wand of paralysis (3)
 j - a wand of flame (19)
 m - a wand of random effects (13)
 o - a wand of enslavement (23)
 q - a wand of iceblast (33)
Scrolls
 b - 10 scrolls of teleportation
 d - 11 scrolls of remove curse
 l - 12 scrolls of identify
 p - 6 scrolls of fear
 t - a scroll of magic mapping
 z - a scroll of fog
Potions
 c - 2 potions of haste
 g - 4 potions of magic
 n - 4 potions of might
 s - a potion of brilliance
 u - 3 potions of resistance
 v - a potion of flight
 C - 2 potions of ambrosia {unknown}


   Skills:
 + Level 8.7 Fighting
 + Level 8.6 Armour
 + Level 8.9 Dodging
 - Level 1.7 Stealth
 + Level 8.2 Spellcasting
 + Level 9.3 Conjurations
 + Level 3.2 Necromancy
 + Level 7.0 Air Magic


You had 9 spell levels left.
You knew the following spells:

 Your Spells              Type           Power        Failure   Level
a - Magic Dart            Conj           100%         1%          1
b - Searing Ray           Conj           100%         1%          2
c - Swiftness             Air            71%          1%          2
d - Airstrike             Air            35%          3%          4
e - Corpse Rot            Necr/Air       N/A          1%          2
f - Sublimation of Blood  Necr           24%          2%          2
g - Lightning Bolt        Conj/Air       38%          5%          5

Your spell library contained the following spells:

 Spells                   Type           Power        Failure   Level
 Shock                    Conj/Air       100%         1%          1
 Static Discharge         Conj/Air       77%          1%          3
 Dazzling Flash           Conj/Hex       100%         2%          3
 Fulminant Prism          Conj/Hex       29%          8%          4
 Iskenderun's Mystic Bla  Conj/Tloc      58%          8%          4
 Dispel Undead            Necr           49%          13%         4
 Agony                    Necr           49%          32%         5
 Excruciating Wounds      Necr           24%          32%         5


Dungeon Overview and Level Annotations

Branches:
Dungeon (9/15)             Temple (0/1) D:4            Lair (6/6) D:8
  Swamp (0/4) Lair:3       Spider (0/4) Lair:2          Orc (0/2) D:9
  Slime: Lair:5-6

Shops:
D:5 =   D:6 :   D:7 (

Annotations:
D:9 exclusion: obsidian statue


Innate Abilities, Weirdness & Mutations

You have an increased reservoir of magic. (+10% MP)
Your system is resistant to poisons. (rPois)
Your spells are a little harder to cast, but a little more powerful.
You expend magic power (3 MP) to strengthen your wands.


Message History

The yak is heavily wounded.
The searing ray hits the yak!
The yak is severely wounded.
The yak gores you!
* * * LOW HITPOINT WARNING * * *
The searing ray misses the yak.
You finish channeling your searing ray.
The yak misses you. The yak gores you.
* * * LOW HITPOINT WARNING * * *
You feel very mighty all of a sudden. The yak closely misses you.
The yak gores you but does no damage.
Unknown command.
You barely miss the yak.
The yak is severely wounded.
The yak completely misses you. You block the yak's attack.
You closely miss the yak.
The yak is severely wounded.
The yak gores you.
* * * LOW HITPOINT WARNING * * *
The yak gores you but does no damage. The yak gores you!
You die...

## ##.####### ####
##...P#...##...##.
......P.......!...
..................
......YYY.<.......
.....#@##..#.....
.h. ###.#....... #
## #.....$ #.....
..†.. .... ....


You could see 3 yaks.

Vanquished Creatures
  Gastronok (D:8)
  2 hydras
  Erolcha (D:9)
  3 black mambas
  4 molten gargoyles (D:9)
  9 cane toads
  3 rime drakes
  9 komodo dragons
  A hornet (D:8)
  Grinder (D:6)
  22 blink frogs
  A polar bear (Lair:6)
  2 wyverns (Lair:3)
  36 yaks
  3 basilisks
  4 vampire mosquitoes
  Edmund (D:5)
  12 water moccasins
  An ice beast (D:6)
  An orc warrior (D:8)
  3 black bears (D:8)
  6 ogres
  6 centaurs
  9 wolves
  10 bullfrogs
  3 scorpions
  8 killer bees (D:8)
  5 wights (D:8)
  An electric eel (Lair:2)
  A hound (D:7)
  A bullfrog zombie (D:8)
  2 lava snakes (D:9)
  A quasit (D:9)
  13 orc wizards
  13 orc priests
  3 jellies
  2 centaur skeletons
  2 worker ants
  An iguana (D:8)
  3 hound skeletons
  Robin (D:3)
  4 worker ant zombies
  7 gnolls
  15 adders
  A shadow imp (D:8)
  A white imp (D:9)
  3 ufetubi
  2 oozes
  An adder zombie (D:8)
  3 worms
  6 dart slugs
  4 leopard geckos
  73 orcs
  3 ball pythons
  7 giant cockroaches
  15 goblins
  9 hobgoblins
  7 jackals (D:7)
  9 kobolds
  6 quokkas
  7 bats
  6 frilled lizards
  A jackal zombie (D:5)
  A leopard gecko skeleton (D:7)
  A quokka skeleton (D:7)
  16 rats
419 creatures vanquished.

Vanquished Creatures (others)
  A quokka (D:7)
  71 fungi
  58 plants
130 creatures vanquished.

Grand Total: 549 creatures vanquished

Notes
Turn   | Place    | Note
-------+----------+-------------------------------------------
     0 | D:1      | DasRunzen the Demigod Conjurer began the quest for the Orb.
     0 | D:1      | Reached XP level 1. HP: 14/14 MP: 5/5
   510 | D:1      | Reached XP level 2. HP: 22/22 MP: 2/7
   513 | D:1      | Learned a level 2 spell: Searing Ray
  1532 | D:2      | Reached skill level 1 in Fighting
  1594 | D:2      | Reached XP level 3. HP: 20/28 MP: 0/8
  1690 | D:2      | Reached skill level 1 in Armour
  1819 | D:2      | Reached skill level 4 in Conjurations
  1954 | D:2      | Reached XP level 4. HP: 35/35 MP: 4/10
  2024 | D:2      | Found a sparkling altar of Nemelex Xobeh.
  2709 | D:3      | Found a hazy altar of Hepliaklqana.
  2710 | D:3      | Found a shadowy altar of Dithmenos.
  2872 | D:3      | Reached XP level 5. HP: 41/41 MP: 3/11
  3633 | D:3      | Noticed Robin
  3641 | D:3      | Killed Robin
  3929 | D:3      | Found an iron altar of Okawaru.
  3929 | D:3      | Found a bloodstained altar of Trog.
  3963 | D:3      | Found a broken altar of Ashenzari.
  4234 | D:3      | Found a faded altar of an unknown god.
  4304 | D:3      | Found a radiant altar of Vehumet.
  4536 | D:4      | Reached XP level 6. HP: 50/50 MP: 7/13
  4701 | D:4      | Found a staircase to the Ecumenical Temple.
  5338 | D:5      | Entered Level 5 of the Dungeon
  5438 | D:5      | Found Equogh's Jewellery Shop.
  5489 | D:5      | Reached XP level 7. HP: 38/57 MP: 10/15
  5777 | D:5      | Reached skill level 5 in Conjurations
  6043 | D:5      | Noticed Edmund
  6052 | D:5      | Killed Edmund
  6274 | D:5      | Found a stormy altar of Qazlal.
  6468 | D:6      | Reached XP level 8. HP: 19/66 MP: 7/17
  7126 | D:6      | Found Ibeg's Book Shop.
  7432 | D:6      | Noticed Grinder
  7444 | D:6      | Killed Grinder
  8154 | D:7      | Reached skill level 5 in Dodging
  8154 | D:7      | Reached skill level 6 in Conjurations
  8350 | D:7      | Found Geaphua's Antique Weapon Shop.
  8368 | D:7      | Found a white marble altar of Elyvilon.
  8560 | D:7      | Learned a level 2 spell: Swiftness
  8990 | D:7      | Found an ornate altar of the Wu Jian Council.
  9061 | D:8      | Reached XP level 9. HP: 73/73 MP: 14/19
  9072 | D:8      | Reached skill level 1 in Air Magic
  9076 | D:8      | Reached skill level 5 in Fighting
  9076 | D:8      | Reached skill level 5 in Armour
  9076 | D:8      | Reached skill level 5 in Spellcasting
  9113 | D:8      | Noticed a komodo dragon
  9122 | D:8      | Killed a komodo dragon
  9775 | D:8      | Found a staircase to the Lair.
 10408 | D:8      | Learned a level 4 spell: Airstrike
 10916 | D:8      | Noticed Gastronok
 10935 | D:8      | Killed Gastronok
 10936 | D:8      | Reached skill level 7 in Conjurations
 10936 | D:8      | Reached XP level 10. HP: 24/83 MP: 3/22
 10946 | D:8      | Got a bloodstained leather armour
 10947 | D:8      | Identified the +2 leather armour of Vafiymm {rF+ Int+5
                  | Slay+2} (You found it on level 8 of the Dungeon)
 11338 | D:8      | Found a roughly hewn altar of Beogh.
 11720 | D:9      | Found a shimmering blue altar of Sif Muna.
 11949 | D:9      | Found a staircase to the Orcish Mines.
 12043 | D:9      | Noticed an obsidian statue
 12509 | D:9      | Noticed a smoke demon
 12528 | D:9      | Found a sacrificial altar of Ru.
 12719 | D:9      | Noticed Erolcha
 12737 | D:9      | Killed Erolcha
 12923 | D:9      | Gained mutation: You expend magic power (3 MP) to
                  | strengthen your wands. [potion of mutation]
 12923 | D:9      | Gained mutation: Your spells are a little harder to cast,
                  | but a little more powerful. [potion of mutation]
 12923 | D:9      | Gained mutation: Your system is resistant to poisons.
                  | (rPois) [potion of mutation]
 13364 | Lair:1   | Entered Level 1 of the Lair of Beasts
 13415 | Lair:1   | Reached XP level 11. HP: 29/91 MP: 0/24
 14009 | D:5      | Bought the ring "Sudd" {rC+ Str+3} for 536 gold pieces
 14295 | Lair:1   | Reached skill level 8 in Conjurations
 14435 | Lair:1   | Reached skill level 5 in Air Magic
 16008 | Lair:2   | Found a hole to the Spider Nest.
 16037 | Lair:2   | Noticed an eight-headed hydra
 16046 | Lair:2   | Killed an eight-headed hydra
 16499 | Lair:2   | Got a wavering silver amulet
 16500 | Lair:2   | Identified the amulet of the Lich-sworn {Spirit +Inv rElec
                  | Dex+2} (You found it on level 2 of the Lair of Beasts)
 16935 | Lair:2   | Learned a level 2 spell: Corpse Rot
 16938 | Lair:2   | Learned a level 2 spell: Sublimation of Blood
 17281 | Lair:2   | Reached XP level 12. HP: 99/101 MP: 13/27
 17493 | Lair:3   | Reached skill level 1 in Necromancy
 17812 | Lair:3   | Noticed a seven-headed hydra
 17817 | Lair:3   | Killed a seven-headed hydra
 17964 | Lair:3   | Reached skill level 9 in Conjurations
 17980 | Lair:3   | Learned a level 5 spell: Lightning Bolt
 19454 | Lair:3   | Found a staircase to the Swamp.
 19454 | Lair:3   | You fall into a shaft and drop 3 floors!
 19454 | Lair:6   | Entered Level 6 of the Lair of Beasts
 21027 | Lair:5   | HP: 4/103 [elephant (9)]
 21121 | Lair:6   | Mangled by a yak

Illustrated notes

Levels and vault maps discovered:
D:1:      mrwooster_arrival_arrow, layout_loops_corners, minmay_rat_gold_closets
D:2:      layout_basic, nemelex_xobeh_ov_fountains_minmay,
          kennysheep_generic_room_13
D:3:      layout_loops_ring, gammafunk_temple_overflow_elements,
          marbit_many_paths, overflow_temple_1_default, old_standard_altar,
          overflow_temple_1_default, chequers_ecumenical_altar_grove, uniq_robin
D:4:      layout_rooms, minmay_temple_entry_junction_2, minivault_1,
          kennysheep_generic_room_3
D:5:      layout_rooms, lemuel_coloured_pillars_altar, serial_shops,
          nicolae_shop_stone, uniq_edmund
D:6:      layout_loops_corners, serial_shops, shop, kennysheep_dice,
          uniq_grinder
D:7:      layout_cave_pools, elyvilon_altar_4, lemuel_round_altar, serial_shops,
          shop_fountains, fountainhead, amcnicky_mini_corridor_feature
D:8:      layout_basic, due_lair_maze_entry_diamond, special_room
          [special_room_orc], uniq_gastronok
D:9:      layout_big_octagon, overflow_temple_1_default,
          nicolae_ru_great_annihilating_truth, hiddenorc2_lemuel, minivault_8,
          uniq_erolcha
Lair:1:   layout_hall_layers
Lair:2:   layout_gridlike, dummy_spider_entry, serial_bayou_shore_b
Lair:3:   layout_regular_city, minmay_swamp_entry_swarm, grunt_megastairs_5
Lair:4:   layout_long_grid, gammafunk_ghost_hive
Lair:5:   layout_regular_city
Lair:6:   grunt_lair_end_beastmaster, layout_long_grid,
          minmay_slime_entry_oklob_open

Skill      XL: |  1  2  3  4  5  6  7  8  9 10 11 12 |
---------------+-------------------------------------+-----
Dodging        | 2 3 4 5 6 7 8 |  8.9
Spellcasting   | 2 3 4 6 7 8 |  8.2
Fighting       | 1 2 3 4 6 7 8 |  8.7
Armour         | 1 2 3 4 6 7 8 |  8.6
Conjurations   | 4 5 6 7 8 9 |  9.3
Air Magic      | 3 4 6 7 |  7.0
Necromancy     | 3 |  3.2
Stealth        | |  1.7

Action                   |  1- 3 |  4- 6 |  7- 9 | 10-12 || total
-------------------------+-------+-------+-------+-------++-------
Melee: Unarmed           |     7 |     1 |       |       ||     8
       Dagger            |       |    65 |       |       ||    65
       Dire flail        |       |       |   145 |   195 ||   340
 Cast: Magic Dart        |    80 |   124 |    35 |    34 ||   273
       Searing Ray       |     1 |    14 |    46 |    52 ||   113
       Airstrike         |       |       |       |   151 ||   151
       Swiftness         |       |       |       |     2 ||     2
Evoke: Wand              |       |       |       |     1 ||     1
  Use: Scroll            |     4 |     7 |     8 |     8 ||    27
       Potion            |       |       |       |     6 ||     6
 Stab: Sleeping          |       |     1 |     3 |       ||     4
Armor: Robe              |     1 |     9 |    10 |       ||    20
       Leather armour    |       |       |     3 |    59 ||    62
Dodge: Dodged            |    18 |    43 |   161 |   341 ||   563
Block: Other             |       |    26 |    48 |    70 ||   144
       Reflection        |       |     2 |     1 |     1 ||     4
